 Dungeon Crawl Stone Soup version 0.21-a0-632-g1e37ce5 (webtiles) character file.

23 Amnesiac the Poker (level 2, -6/22 HPs)
             Began as a Merfolk Skald on Dec 28, 2017.
             Killed from afar by Sigmund (13 damage)
             ... with a wand of flame (30)
             ... on level 2 of the Dungeon.
             The game lasted 00:00:59 (624 turns).

Amnesiac the Poker (Merfolk Skald)                   Turns: 624, Time: 00:01:00

Health: -6/22      AC:  5    Str: 11    XL:     2   Next: 95%
Magic:  5/5        EV: 12    Int: 12    God:
Gold:   25         SH:  0    Dex: 13    Spells: 4/5 levels left

rFire    . . .     SeeInvis .   a - +0 spear
rCold    . . .     Gourm    .   (no shield)
rNeg     . . .     Faith    .   b - +0 leather armour
rPois    .         Spirit   .   j - +0 helmet
rElec    .         Reflect  .   (no cloak)
rCorr    +         Harm     .   (no gloves)
MR       .....                  g - +0 pair of boots
Stlth    +.........             (no amulet)
HPRegen  0.07/turn              i - ring of resist corrosion
MPRegen  0.09/turn              (no ring)

@: no status effects
A: change form in water, swift swim, stealthy swim
a: no special abilities


You were on level 2 of the Dungeon.
You were not hungry.

You visited 1 branch of the dungeon, and saw 2 of its levels.

You collected 25 gold pieces.

Inventory:

Hand Weapons
 a - a +0 spear (weapon)
Missiles
 k - 6 stones (quivered)
 o - 4 needles of paralysis
Armour
 b - a +0 leather armour (worn)
 g - a +0 pair of boots (worn)
 j - a +0 helmet (worn)
Jewellery
 i - a ring of resist corrosion (left hand)
Scrolls
 n - a scroll of fog {!r, unknown}
Potions
 h - a potion of flight {!q, unknown}
 m - a potion of might {!q}
Books
 c - a book of Battle

   Spells                             Type                      Level
   a - Infusion                       Charms                       1
   b - Shroud of Golubria             Charms/Translocation         2
   c - Song of Slaying                Charms                       2
   d - Spectral Weapon                Hexes/Charms                 3
   e - Regeneration                   Charms/Necromancy            3
Comestibles
 d - 3 rations


   Skills:
 - Level 2.1 Fighting
 + Level 4.9 Polearms
 - Level 0.6 Armour
 - Level 2.6 Dodging
 - Level 2.0 Spellcasting
 - Level 3.2 Charms


You had 4 spell levels left.
You knew the following spells:

 Your Spells              Type           Power        Failure   Level  Hunger
a - Infusion              Chrm           #...         10%         1    ##.....


Dungeon Overview and Level Annotations

Branches:
Dungeon (2/15)

Altars:

Annotations:
D:2 Sigmund


Message History

Done exploring.
There is a stone staircase leading down here.
You climb downwards.
A kobold comes into view. It is wielding a whip.
The kobold shouts!
Found a ration.
There is a stone staircase leading up here.
A kobold is nearby!
You hit the kobold.
You kill the kobold!
k - 6 stones (gained 5)
You see here a whip.
No target in view!
No target in view!
There is a stone staircase leading up here.
d - 3 rations (gained 1)
Found a stone staircase leading up.
No target in view!
You open the door.
There is an open door here.
You open the door.
A goblin comes into view. It is wielding a club.
The goblin shouts!
There is an open door here.
A goblin is nearby!
Attack whom?
Press: ? - help, Dir - move target cursor, f - goblin
Aim: a goblin, wielding a club You reach to attack!
You hit the goblin.
The goblin is severely wounded.
A goblin is nearby!
You hit the goblin.
You kill the goblin!
No target in view!
Key pressed, stopping explore.
No target in view!
No target in view!
Sigmund the Dreaded comes into view.
He is wielding a scythe.
Sigmund shouts!
Sigmund says, "You will soon forget everything."
Sigmund gestures at you while chanting. The puff of flame hits you!
There is an open door here.
Evoke which item? (* to show all) (? for menu, Esc to quit)
Okay, then.
Okay, then.
Okay, then.
Really read
e - a scroll labeled FIKHLY ONUDU {!r}?
As you read the scroll labeled FIKHLY ONUDU {!r}, it crumbles to dust.
It is a scroll of identify.
m - a potion of might {!q} Put on which piece of jewellery? (? for menu, Esc to quit)
i - a ring of resist corrosion (left hand) Sigmund zaps a wand.
The puff of flame hits you!
It is a wand of flame (31).
Really read
l - a scroll labeled IKLUHIOTIN {!r}?
As you read the scroll labeled IKLUHIOTIN {!r}, it crumbles to dust.
You feel blessed for a moment.
It was a scroll of remove curse {!r}.
Sigmund breathes a few words.
Sigmund's hands start flickering wildly.
Sigmund zaps a wand.
The puff of flame hits you!
* * * LOW HITPOINT WARNING * * *
Sigmund zaps a wand.
The puff of flame hits you!
Ouch! That really hurt!
You die...

#.....#
#...@.#
#.....########
#.....')......
#.....########
......#'##
.#### #.#
#.##### ## #
#@....#
...#.#####.##
.....#......#
............#
#....#......#
#... #......#
#.. #......#
#. #......# #
#......#


You could see Sigmund.

Vanquished Creatures
  4 bats (D:1)
  3 goblins
  2 hobgoblins (D:1)
  4 jackals (D:1)
  3 kobolds
  2 frilled lizards (D:1)
  2 rats (D:1)
20 creatures vanquished.

Notes
Turn   | Place    | Note
-------+----------+-------------------------------------------
     0 | D:1      | Amnesiac the Merfolk Skald began the quest for the Orb.
     0 | D:1      | Reached XP level 1. HP: 16/16 MP: 3/3
   155 | D:1      | Reached skill level 4 in Polearms
   155 | D:1      | Reached XP level 2. HP: 22/22 MP: 5/5
   617 | D:2      | Noticed Sigmund
   624 | D:2      | Killed from afar by Sigmund

Vault maps used:
D:1:      mrwooster_arrival_arrow
D:2:      lemuel_round_altar, serial_forest, infiniplex_forest_clump_long,
          infiniplex_forest_lined_1, infiniplex_forest_zigzag_2,
          infiniplex_forest_pool, infiniplex_forest_clump_curved,
          infiniplex_forest_straight_2, infiniplex_forest_lined_room_3,
          infiniplex_forest_straight_3, infiniplex_forest_clump_diagonal,
          infiniplex_forest_lined_3, first_ration, uniq_terence, uniq_sigmund

Skill      XL: |  1 |
---------------+----+-----
Polearms       | 4 |  4.9
Fighting       | |  2.1
Armour         | |  0.6
Dodging        | |  2.6
Spellcasting   | |  2.0
Charms         | |  3.2

Action                   || total
-------------------------++-------
Melee: Spear             ||    63
  Use: Scroll            ||     2
 Stab: Sleeping          ||     3
Armor: Leather armour    ||    11
Dodge: Dodged            ||    26

Table legend:
 A = Spawn XP
 B = Non-spawn XP
 C = Spawn XP percentage of total XP
 D = Spawn monster count
 E = Non-spawn monster count
 F = Spawn count percentage of total count
 G = Total turns spent on level
                    A         B        C        D         E        F      G
               +---------+---------+-------+---------+---------+-------+---------
         Total |       0 |      33 |   0.0 |       0 |      20 |   0.0 |   624
               +---------+---------+-------+---------+---------+-------+---------
           D:1 |       0 |      29 |   0.0 |       0 |      18 |   0.0 |   588
           D:2 |       0 |       4 |   0.0 |       0 |       2 |   0.0 |    36
               +---------+---------+-------+---------+---------+-------+---------
